 Dungeon Sprint DCSS version 0.30.1-9-gdf580d7c3d (webtiles) character file.

Game seed: 15210936355451102230

22925 Heoruswealwe the Ninja (level 12, -18/71 HPs)
             Began as a Spriggan Artificer on Oct 12, 2023.
             Was an Initiate of Gozag.
             Demolished by Tiamat
             ... wielding a +1 glaive of pain
              (43 damage)
             ... in the Dungeon (Sprint I: "Red Sonja").
             The game lasted 00:44:27 (2889 turns).

Heoruswealwe the Ninja (Spriggan Artificer)         Turns: 2889, Time: 00:44:27

Health: -18/71     AC: 18    Str: 10    XL:     12   Next: 67%
Magic:  13/13      EV: 15    Int: 16    God:    Gozag
Gold:   1665       SH:  0    Dex: 20    Spells: 11/11 levels left

rFire   + . .        a - +4 rapier of the Burning Asp {holy, rCorr Stlth+}
rCold   x . .        (no shield)
rNeg    . . .        c - +7 shadow dragon scales of True Grit {rPois Int+3 Stlth++++}
rPois   +            (helmet restricted)
rElec   .            h - scarf {shadows}
rCorr   +            (gloves unavailable)
SInv    +            (boots unavailable)
Will    ++...        (no amulet) Stlth **++++++++
                     k - ring of Ru's Generosity {Fire rPois rCorr Str+2}
HPRegen 0.31/turn    g - ring of flight
MPRegen 0.13/turn

%: no teleportation
@: flying, very quick
A: very small, no large weapons, unfitting armour, see invisible, speed 3
a: Renounce Religion, Potion Petition, Call Merchant, Bribe Branch


You were in the Dungeon.
You worshipped Gozag.
Gozag was most pleased with you.
You visited 1 branch You collected 10558 gold pieces.
You spent 7427 gold pieces at shops.
You donated 31 gold pieces to Zin.
You paid 1435 gold pieces to Gozag.

Inventory:

Hand Weapons
 a - the +4 rapier of the Burning Asp (weapon) {holy, rCorr Stlth+}
   (You bought it in a shop in the Dungeon)

   rCorr:     It protects you from acid and corrosion.
   Stlth:     It makes you more stealthy.
 r - a +4 rapier of freezing
Armour
 c - the +7 shadow dragon scales of True Grit (worn) {rPois Int+3 Stlth++++}
   (You bought it in a shop in the Dungeon)

   Int:       It affects your intelligence (+3).
   rPois:     It protects you from poison.
   Stlth:     It makes you much more stealthy.
 h - a scarf of shadows (worn)
Jewellery
 g - a ring of flight (right hand)
 j - a ring of poison resistance
 k - the ring of Ru's Generosity (left hand) {Fire rPois rCorr Str+2}
   (You bought it in a shop in the Dungeon)

   [ring of fire]

   It enhances your fire magic.
   Str:       It affects your strength (+2).
   rF:        It protects you from fire.
   rC:        It makes you vulnerable to cold.
   rPois:     It protects you from poison.
   rCorr:     It protects you from acid and corrosion.
Wands
 d - a wand of charming (15)
 l - a wand of acid (6)
 q - a wand of mindburst (6)
 s - a wand of flame (34) (quivered)
Scrolls
 b - 8 scrolls of identify
 e - a scroll of brand weapon
 n - 4 scrolls of enchant armour
Potions
 f - 5 potions of curing
 m - 5 potions of haste
 p - 3 potions of mutation
 v - 3 potions of flight
Miscellaneous
 i - a phial of floods
 u - a box of beasts
 w - a piece from Xom's chessboard (15/15)
 x - a lightning rod (3/4)


   Skills:
 + Level 12.1 Fighting
 + Level 15.4 Short Blades
 + Level 18.4 Dodging
 O Level 27 Stealth
 + Level 18.6 Evocations


You had 11 spell levels left.
You didn't know any spells.
Your spell library contained the following spells:

 Spells                   Type           Power      Damage    Failure   Level
 Beastly Appendage        Tmut           0%         N/A       100%        1
 Wereblood                Tmut           0%         N/A       100%        2
 Spider Form              Tmut/Pois      0%         N/A       100%        3


Dungeon Overview and Level Annotations

Branches:
Dungeon (1/1)

Altars:
Cheibriados
Dithmenos
Elyvilon
Fedhas
Gozag
Hepliaklqana
Kikubaaqudgha
Makhleb
Nemelex Xobeh
Okawaru
Qazlal
Ru
Sif Muna
Trog
Uskayaw
Vehumet
Wu Jian
Xom
Yredelemnul
Zin
The Shining One
Jiyva
Lugonu

Shops:
D [?=((:?(:!*((*(*([*[==*(

Annotations:
D Tiamat


Innate Abilities, Weirdness & Mutations

You are very small and have problems with some larger weapons.
You are too small for most types of armour.
You have supernaturally acute eyesight. (SInv)
You cover ground extremely quickly. (Speed+++)


Message History

You now have 1625 gold pieces (gained 243).
You see here a +1 great sword of flaming.
You now have 1643 gold pieces (gained 18).
You see here 3 stones.
You now have 1660 gold pieces (gained 17).
f - 5 potions of curing (gained 1)
You now have 1665 gold pieces (gained 5).
You see here a +0 mace.
You see here a scroll of amnesia.
You see here a +0 leather armour.
You see here a +0 mace.
Aiming: Dig
Press: ? - help, Shift-Dir - straight line The damaged grate falls apart.
The now-empty wand crumbles to dust.
You're wearing all the rings you can.
Remove which one? (? for menu, Esc to cancel) < or
k - the ring of Ru's Generosity {Fire rPois rCorr Str+2} > or
j - a ring of poison resistance You remove your ring of poison resistance.
You fly up into the air.
g - a ring of flight (right hand) Tiamat, Avatar of the Dragonlord comes into view.
She is wielding a +1 glaive of pain and wearing the +4 dragonskin cloak.
The helpless Tiamat fails to defend herself.
You spit Tiamat like a pig!!!!!
Tiamat is severely wounded.
Aiming: Thunderbolt
Press: ? - help, Shift-Dir - straight line, f - Tiamat
Aim: Tiamat, wielding a +1 glaive of pain and wearing the +4 dragonskin cloak (severely wounded)
The thunderbolt hits Tiamat but does no damage.
Tiamat is severely wounded.
Tiamat hits you with a +1 glaive of pain!!!
Ouch! That really hurt!
You writhe in agony!
Tiamat closely misses you.
Unknown command.
Okay, then.
You open the lid... ...but nothing happens.
Tiamat hits you with a +1 glaive of pain!!!
Ouch! That really hurt!
You die...
Your body crumbles into a pile of gold.

........#§#####...###....#,*~~~##
.......#+§#..(#####...####,*~~~~#
......~####.)...)...###^,,,*~~~~~
.....~~##?).....#####,,,,****~~~~
...~~~###[)..).##^,,,,,,,*$$*+~~~
~~~~### #..)..##,,,,^,,,,*$$$**~~
####'####.....#,,,,^^,,,,*$$$$***
#####∩∩######.#####,,,,,,*$$$$*~~
∩∩∩∩∩∩###≈≈≈≈≈≈≈@d#^,,,,,*******~
####### #####.#####,,,^,,+,,*,,+$
#..0..+,^,,^,,^,,*,,+,,*$
#######******************


You could see Tiamat.

Vanquished Creatures
  A golden dragon (D)
  A shadow dragon (D)
  A daeva (D)
  4 fire giants (D)
  A lorocyproca (D)
  A hydra (D)
  2 centaur warriors (D)
  Sonja (D)
  A lindwurm (D)
  A deep troll (D)
  8 shining eyes (D)
  An oklob plant (D)
  4 demonic crawlers (D)
  A gargoyle (D)
  7 unseen horrors (D)
  2 kobold demonologists (D)
  A hornet (D)
  A meliai (D)
  Sigmund (D)
  A slime creature (D)
  13 hogs (D)
  A yak (D)
  2 redbacks (D)
  7 floating eyes (D)
  An ogre (D)
  7 necrophages (D)
  8 jellies (D)
  Ijyb (D)
  A ballistomycete spore (D)
82 creatures vanquished.

Vanquished Creatures (others)
  A ballistomycete spore (D)
1 creature vanquished.

Grand Total: 83 creatures vanquished

Notes
Turn   | Place    | Note
-------+----------+-------------------------------------------
     0 | D        | Heoruswealwe the Spriggan Artificer began the quest for the
                  | Orb.
     0 | D        | Reached XP level 1. HP: 9/9 MP: 2/2
     1 | D        | Noticed Ijyb
     5 | D        | Killed Ijyb
     6 | D        | Reached skill level 9 in Stealth
     6 | D        | Reached XP level 2. HP: 14/14 MP: 3/3
    16 | D        | Noticed an ogre
    19 | D        | Killed an ogre
    20 | D        | Reached skill level 14 in Stealth
    20 | D        | Reached XP level 3. HP: 17/17 MP: 4/4
    20 | D        | Reached XP level 4. HP: 21/21 MP: 5/5
    28 | D        | Noticed Sigmund
    31 | D        | Killed Sigmund
    32 | D        | Reached skill level 18 in Stealth
    32 | D        | Reached XP level 5. HP: 25/25 MP: 6/6
    32 | D        | Reached XP level 6. HP: 29/29 MP: 7/7
    43 | D        | Found an ornate altar of the Wu Jian Council.
    43 | D        | Found a shimmering blue altar of Sif Muna.
    45 | D        | Found a radiant altar of Vehumet.
    50 | D        | Reached skill level 19 in Stealth
    79 | D        | Found Pozey's Antique Weapon Emporium.
    79 | D        | Found an ancient bone altar of Kikubaaqudgha.
    79 | D        | Found a hazy altar of Hepliaklqana.
    79 | D        | Found a stormy altar of Qazlal.
    79 | D        | Found a hide-covered altar of Uskayaw.
    79 | D        | Found a blossoming altar of Fedhas.
    79 | D        | Found a bloodstained altar of Trog.
    79 | D        | Found an iron altar of Okawaru.
    79 | D        | Found a basalt altar of Yredelemnul.
    79 | D        | Found a glowing golden altar of the Shining One.
    79 | D        | Found a snail-covered altar of Cheibriados.
    79 | D        | Found a sacrificial altar of Ru.
    79 | D        | Found a glowing silver altar of Zin.
    79 | D        | Found a shadowy altar of Dithmenos.
    79 | D        | Found a white marble altar of Elyvilon.
    79 | D        | Noticed a yak
    95 | D        | Killed a yak
    96 | D        | Reached skill level 21 in Stealth
   108 | D        | Found an opulent altar of Gozag.
   109 | D        | Found a sparkling altar of Nemelex Xobeh.
   114 | D        | Became a worshipper of Zin the Law-Giver
   114 | D        | Reached * piety under Zin
   114 | D        | Reached ** piety under Zin
   114 | D        | Reached *** piety under Zin
   114 | D        | Reached **** piety under Zin
   114 | D        | Reached ***** piety under Zin
   114 | D        | Reached ****** piety under Zin
   123 | D        | Noticed Sonja
   127 | D        | Killed Sonja
   128 | D        | Reached skill level 25 in Stealth
   128 | D        | Reached XP level 7. HP: 32/32 MP: 8/8
   143 | D        | Found Emari Gumm's Antique Armour Boutique.
   151 | D        | Bought an embroidered scarf for 184 gold pieces
   161 | D        | Noticed a shining eye
   161 | D        | Noticed a shining eye
   161 | D        | Noticed a shining eye
   161 | D        | Noticed a shining eye
   162 | D        | Noticed a shining eye
   162 | D        | Noticed a shining eye
   164 | D        | Reached skill level 1 in Fighting
   164 | D        | Reached skill level 1 in Short Blades
   164 | D        | Reached XP level 8. HP: 37/37 MP: 9/9
   165 | D        | Noticed a shining eye
   165 | D        | Noticed a shining eye
   167 | D        | Reached skill level 5 in Evocations
   167 | D        | Paralysed by a floating eye for 3 turns
   171 | D        | Killed a shining eye
   172 | D        | Reached skill level 5 in Dodging
   172 | D        | Killed a shining eye
   175 | D        | Killed a shining eye
   176 | D        | Reached skill level 5 in Short Blades
   176 | D        | Reached skill level 26 in Stealth
   176 | D        | Reached XP level 9. HP: 46/46 MP: 10/10
   176 | D        | Paralysed by a floating eye for 3 turns
   182 | D        | Paralysed by a floating eye for 2 turns
   186 | D        | Killed a shining eye
   187 | D        | Killed a shining eye
   188 | D        | Reached skill level 5 in Fighting
   190 | D        | Paralysed by a floating eye for 2 turns
   200 | D        | Paralysed by a floating eye for 3 turns
   205 | D        | Paralysed by a floating eye for 4 turns
   231 | D        | Killed a shining eye
   246 | D        | Killed a shining eye
   247 | D        | Reached skill level 10 in Dodging
   247 | D        | Reached skill level 10 in Evocations
   247 | D        | Reached XP level 10. HP: 53/53 MP: 11/11
   261 | D        | Killed a shining eye
   276 | D        | Fell from the grace of Zin
   276 | D        | Became a worshipper of Gozag Ym Sagoz the Greedy
   284 | D        | Noticed a deep troll
   288 | D        | Killed a deep troll
   289 | D        | Reached skill level 27 in Stealth
   299 | D        | Found Xiattikoty's Armour Emporium.
   423 | D        | Found Jelurum's Antique Weapon Shop.
   423 | D        | Found Goicips's Jewellery Emporium.
   423 | D        | Found Rilag's Book Boutique.
   424 | D        | Found Tonlozxe's Magic Scroll Shoppe.
   438 | D        | Bought an encrusted rapier for 225 gold pieces
   438 | D        | Identified the +4 rapier of the Burning Asp {holy, rCorr
                  | Stlth+} (You bought it in a shop in the Dungeon)
   476 | D        | Noticed a centaur warrior
   477 | D        | Noticed a centaur warrior
   480 | D        | Killed a centaur warrior
   481 | D        | Killed a centaur warrior
   519 | D        | Noticed an oklob plant
   521 | D        | Killed an oklob plant
   534 | D        | Reached skill level 10 in Short Blades
   659 | D        | Reached XP level 11. HP: 60/60 MP: 12/12
   728 | D        | Identified the +0 leather armour of Lifelessness {rElec
                  | Regen+ Int-2 Dex-4}
   735 | D        | Found Ryprij's Armour Boutique.
   735 | D        | Found Jucze's Jewellery Emporium.
   735 | D        | Found Paesyor's General Store.
   737 | D        | Found Eloizoff's Antique Weapon Boutique.
   737 | D        | Found Sepnag's General Store.
   737 | D        | Found Carphyrr's Antique Weapon Shop.
   737 | D        | Found Jaigic's General Store.
   737 | D        | Found Qioteodaa's Antique Weapon Boutique.
   737 | D        | Found Yrhot's Weapon Shoppe.
   741 | D        | Found Nuziq's General Store.
   742 | D        | Found Wigam's Distillery.
   743 | D        | Found Ylaw's Book Boutique.
   743 | D        | Found Exymeud's Weapon Shoppe.
   744 | D        | Found Ateqen Nefi's Magic Scroll Shop.
   766 | D        | Bought a wand of flame (15) for 147 gold pieces
   766 | D        | Bought a +2 rapier of freezing for 268 gold pieces
   766 | D        | Bought a scroll of identify for 28 gold pieces
   766 | D        | Bought a scroll of fog for 56 gold pieces
   766 | D        | Bought a scroll of enchant weapon for 105 gold pieces
   766 | D        | Bought a scroll of summoning for 133 gold pieces
   766 | D        | Bought a scroll of amnesia for 56 gold pieces
   768 | D        | Bought 3 potions of curing for 108 gold pieces
   768 | D        | Bought a box of beasts for 480 gold pieces
   768 | D        | Bought a scroll of immolation for 48 gold pieces
   768 | D        | Bought a piece from Xom's chessboard (15/15) for 240 gold
                  | pieces
   768 | D        | Bought a scroll of identify for 24 gold pieces
   768 | D        | Bought 2 potions of haste for 240 gold pieces
   768 | D        | Bought a potion of curing for 36 gold pieces
   770 | D        | Bought a scroll of enchant armour for 105 gold pieces
   770 | D        | Bought a scroll of identify for 28 gold pieces
   775 | D        | Bought a lightning rod (4/4) for 300 gold pieces
   775 | D        | Bought a scroll of identify for 20 gold pieces
   835 | D        | Found a burning altar of Makhleb.
   835 | D        | Found a viscous altar of Jiyva.
   835 | D        | Found a shimmering altar of Xom.
   835 | D        | Found a corrupted altar of Lugonu.
   855 | D        | Paralysed by a floating eye for 2 turns
   943 | D        | Noticed a lindwurm
   948 | D        | Killed a lindwurm
   971 | D        | Reached skill level 15 in Evocations
  1000 | D        | Reached skill level 15 in Dodging
  1265 | D        | Bought a scroll of identify for 22 gold pieces
  1265 | D        | Bought a scroll of identify for 22 gold pieces
  1265 | D        | Bought a scroll of acquirement for 572 gold pieces
  1265 | D        | Bought a scroll of fear for 44 gold pieces
  1351 | D        | Bought 2 potions of mutation for 160 gold pieces
  1351 | D        | Bought a potion of lignification for 30 gold pieces
  1351 | D        | Bought a scroll of vulnerability for 40 gold pieces
  1352 | D        | Bought a potion of haste for 120 gold pieces
  1352 | D        | Bought a potion of haste for 120 gold pieces
  1352 | D        | Bought a potion of ambrosia for 96 gold pieces
  1352 | D        | Bought a potion of flight for 36 gold pieces
  1352 | D        | Bought a potion of flight for 36 gold pieces
  1352 | D        | Bought a potion of curing for 36 gold pieces
  1355 | D        | Bought a scroll of enchant armour for 90 gold pieces
  1355 | D        | Bought a scroll of enchant armour for 90 gold pieces
  1355 | D        | Bought 2 scrolls of poison for 96 gold pieces
  1355 | D        | Bought a scroll of poison for 48 gold pieces
  1355 | D        | Bought a scroll of identify for 24 gold pieces
  1369 | D        | Acquired 959 gold pieces
  1420 | D        | Bought the ring of Ru's Generosity {Fire rPois rCorr Str+2}
                  | for 506 gold pieces
  1492 | D        | Noticed a 12-headed hydra
  1494 | D        | Killed a 12-headed hydra
  1495 | D        | Reached skill level 10 in Fighting
  1565 | D        | Noticed a shadow dragon
  1565 | D        | Noticed a golden dragon
  1568 | D        | Killed a golden dragon
  1569 | D        | Killed a shadow dragon
  1570 | D        | Reached XP level 12. HP: 69/69 MP: 13/13
  1649 | D        | Found Yfiv's Antique Weapon Shoppe.
  1773 | D        | Bought the +7 shadow dragon scales of True Grit {rPois
                  | Int+3 Stlth++++} for 1703 gold pieces
  1803 | D        | Bought a ring of poison resistance for 220 gold pieces
  1878 | D        | Noticed a lorocyproca
  1901 | D        | HP: 2/69 [lorocyproca (25)]
  1903 | D        | Killed a lorocyproca
  2353 | D        | Bought a ring of flight for 245 gold pieces
  2355 | D        | Bought a worn lead wand for 108 gold pieces
  2355 | D        | Bought a wand of flame (7) for 132 gold pieces
  2465 | D        | Noticed a daeva
  2479 | D        | Killed a daeva
  2812 | D        | Noticed a fire giant
  2815 | D        | Noticed a fire giant
  2816 | D        | Noticed a fire giant
  2817 | D        | Noticed a fire giant
  2818 | D        | Killed a fire giant
  2822 | D        | Killed a fire giant
  2823 | D        | Reached skill level 15 in Short Blades
  2824 | D        | Killed a fire giant
  2826 | D        | Killed a fire giant
  2883 | D        | Found the +4 dragonskin cloak
  2883 | D        | Noticed Tiamat
  2889 | D        | Demolished by Tiamat

Illustrated notes

Levels and vault maps discovered:
D:        dungeon_sprint_1 [red_sonja_temple_1, red_sonja_temple_small_1]

Skill      XL: |  1  2  3  4  5  6  7  8  9 10 11 12 |
---------------+-------------------------------------+-----
Stealth        | 9 14 18 25 26 27 | 27.0
Fighting       | 1 4 6 8 10 12 | 12.1
Short Blades   | 1 5 7 10 13 15 | 15.4
Dodging        | 7 10 13 16 18 | 18.4
Evocations     | 8 10 13 16 18 | 18.6

Action                     |  1- 3 |  4- 6 |  7- 9 | 10-12 || total
---------------------------+-------+-------+-------+-------++-------
  Melee: Dagger            |     1 |     4 |    46 |    15 ||    66
         Rapier            |       |       |       |   172 ||   172
         Punch             |       |       |       |     4 ||     4
 Invoke: Call Merchant     |       |       |       |     2 ||     2
  Evoke: Wand              |     3 |     3 |       |    14 ||    20
         Lightning rod     |       |       |       |     9 ||     9
         Box of beasts     |       |       |       |     3 ||     3
    Use: Scroll            |       |       |       |    11 ||    11
         Potion            |       |       |       |     6 ||     6
   Stab: Sleeping          |     1 |     3 |     7 |    39 ||    50
         Distracted        |       |       |       |     4 ||     4
 Armour: Shadow dragon sca |       |       |       |    19 ||    19
  Dodge: Dodged            |     1 |       |       |    90 ||    91
